 Dungeon Crawl Stone Soup version 0.29.0-4-gdea44cf6ec (webtiles) character file.

Game seed: 1887574282169033340

2016 qw the Cleaver (level 9, -1/46 (52) HPs)
             Began as a Tengu Warper on Aug 28, 2022.
             Was a Follower of Okawaru.
             Slain by a wight
             ... wielding a +0 war axe
              (3 damage)
             ... on level 8 of the Dungeon.
             The game lasted 00:00:42 (6563 turns).

qw the Cleaver (Tengu Warper)                       Turns: 6563, Time: 00:00:42

HP:   -1/46 (52)    AC: 10    Str: 15    XL:     9   Next: 23%
MP:   11/13         EV: 17    Int: 16    God:    Okawaru [*.....]
Gold: 423           SH: 13    Dex: 24    Spells: 12/12 levels left

rFire   . . .      SeeInvis +   Y - +1 war axe
rCold   . . .      Faith    .   i - +0 kite shield
rNeg    . . .      Spirit   .   r - +1 scale mail {rF+}
rPois   +          Reflect  .   (helmet restricted)
rElec   .          Harm     .   (no cloak)
rCorr   .          Rampage  +   j - +0 pair of gloves
Will    .....                   (boots unavailable)
Stlth   ++........              d - amulet of Rimperam {Rampage rF- Regen+ Int+4 SInv}
HPRegen 0.95/turn               c - +6 ring of dexterity
MPRegen 0.13/turn               p - ring of poison resistance

@: heroic, flying quickly and evasively, heavily drained, quick
A: beak, talons 3, nimble flight, agile 1
a: Renounce Religion, Heroism


You were on level 8 of the Dungeon.
You worshipped Okawaru.
Okawaru was aware of your devotion.
You visited 2 branches of the dungeon, and saw 9 of its levels.
You also visited: Sewer.

You collected 423 gold pieces.


Innate Abilities, Weirdness & Mutations

You have a beak for a mouth.
You have claws for feet.
Your magical nature lets you fly swiftly and evasively.
You are agile. (Dex +4, Str/Int -1)


   Skills:
 + Level 3.7(8.7) Fighting
 - Level 9.3(14.3) Axes
 - Level 2.5(7.5) Throwing
 - Level 2.6(7.6) Armour
 - Level 4.0(9.0) Dodging
 - Level 5.4(10.4) Shields
 - Level 2.0 Spellcasting
 - Level 2.4 Translocations
 + Level 2.1 Invocations


You had 12 spell levels left.
You didn't know any spells.
Your spell library contained the following spells:

 Spells                   Type           Power      Damage    Failure   Level
 Blink                    Tloc           18%        N/A       65%         2
 Gell's Gravitas          Tloc           9%         N/A       86%         3
 Lesser Beckoning         Tloc           9%         N/A       86%         3
 Teleport Other           Tloc           9%         N/A       86%         3
 Manifold Assault         Tloc           9%         N/A       100%        5

Inventory:

Hand Weapons
 n - a +0 morningstar
 Y - a +1 war axe (weapon)
Missiles
 t - a silver javelin (quivered)
Armour
 i - a +0 kite shield (worn)
 j - a +0 pair of gloves (worn)
 r - a +1 scale mail of fire resistance (worn)
 u - a +0 chain mail
Jewellery
 c - a +6 ring of dexterity (left hand)
 d - the amulet of Rimperam (around neck) {Rampage rF- Regen+ Int+4 SInv}
   (You found it on level 4 of the Dungeon)

   [amulet of regeneration]

   Int:       It affects your intelligence (+4).
   rF:        It makes you vulnerable to fire.
   SInv:      It lets you see invisible.
   Regen:     It increases your rate of health regeneration.
   Rampage:   It bestows one free step when moving towards enemies.
 l - a ring of fire
 p - a ring of poison resistance (right hand)
Scrolls
 a - a scroll of identify
 h - 3 scrolls of teleportation
Potions
 b - a potion of brilliance {unknown}
 e - a potion of haste {unknown}
 f - a potion of berserk rage {unknown}
 g - 5 potions of curing
 k - a potion of ambrosia {unknown}
 m - 2 potions of might
 o - 2 potions of magic
 q - a potion of heal wounds
 s - 2 potions of mutation

Dungeon Overview and Level Annotations

Branches:
Dungeon (8/15)             Temple (1/1) D:7           Sewer (visited)
   Lair: D:8-11

Altars:
Ashenzari
Cheibriados
Dithmenos
Fedhas
Hepliaklqana
Kikubaaqudgha
Makhleb
Nemelex Xobeh
Okawaru
Trog
Uskayaw
Vehumet
Wu Jian
Xom
Yredelemnul
Zin
The Shining One

Annotations:
D:7 3 runed translucent doors, qw's ghost, novice TeWr


Message History

Items here: )) [[.
You reach down and open the door. 3 wights come into view.
A wight is wielding a +5 short sword of freezing.
A wight is wielding a +5 morningstar of freezing.
You barely miss the wight. You claw the wight, but do no damage.
You block the wight's attack.
You slash the wight! Your kick misses the wight.
The wight is severely damaged.
You block the wight's attack.
A wight comes into view. It is wielding a +0 war axe.
6558 ||| INVOKING Heroism.
You gain the combat prowess of a mighty hero.
You hit the wight but do no damage. You claw the wight, but do no damage.
You peck the wight, but do no damage.
The wight is severely damaged.
You hit the wight. The wight completely misses you.
You closely miss the wight.
The wight is severely damaged.
You hit the wight. You hit the wight but do no damage.
The wight barely misses you. The wight closely misses you.
You block the wight's attack.
You barely miss the wight. You peck the wight.
The wight is almost destroyed.
You closely miss the wight. You hit the wight.
The wight hits you with a +5 short sword of freezing!
You feel drained. The wight freezes you. You block the wight's attack.
The wight hits you with a +0 war axe!
You feel drained.
You hit the wight but do no damage.
The wight is almost destroyed.
You hit the wight. You hit the wight but do no damage.
You block the wight's attack. x3
You hit the wight but do no damage. Your kick misses the wight.
Your peck misses the wight.
The wight is almost destroyed.
You closely miss the wight. x2
The wight hits you with a +4 scimitar!
You feel drained. You block the wight's attack.
The wight hits you with a +0 war axe.
You feel drained.
You die...

####### ......#
######### ......#
#....... ......# #......
......#### #.....
###'###..## #....
......'...# .z.
......#..#######z####+#.
##...##..##..#.z@z.....#
#######......#.........#
#............#...).....#
#........###'#)))......#
##...##..##..##'####+###
##...##........(......#
......................#
.....##..##..######.###
##...##..##..## #


You could see 4 wights.

Vanquished Creatures
  A hornet (D:8)
  Sigmund (D:2)
  A water moccasin (D:7)
  Pargi (Sewer)
  A sky beast (D:7)
  A black bear (D:7)
  3 ogres
  A kobold brigand (D:8)
  2 bullfrogs
  5 wights (D:8)
  A jelly (D:7)
  2 hounds (D:5)
  An orc priest (D:5)
  Terence (D:3)
  Natasha (thrice) (D:2)
  5 iguanas
  2 orc wizards
  8 adders
  2 white imps
  3 worms
  A dart slug (D:1)
  15 orcs
  6 endoplasms
  5 giant cockroaches
  8 goblins
  5 hobgoblins
  5 jackals
  4 quokkas
  6 ball pythons
  8 bats
  5 frilled lizards
  10 kobolds
  4 rats
127 creatures vanquished.

Notes
Turn   | Place    | Note
-------+----------+-------------------------------------------
     0 | D:1      | qw the Tengu Warper began the quest for the Orb.
     0 | D:1      | Reached XP level 1. HP: 12/12 MP: 4/4
     0 | D:1      | 0 ||| qw: Version: 0.1-a-89-g26bdef1
     0 | D:1      | 0 ||| qw: Game counter: 2872
     0 | D:1      | 0 ||| qw: Always use a shield: true
     0 | D:1      | 0 ||| qw: God list: Okawaru
     0 | D:1      | 0 ||| qw: Allow faded altars: false
     0 | D:1      | 0 ||| qw: Do Orc after D:15 true
     0 | D:1      | 0 ||| qw: Do second Lair branch before Depths: true
     0 | D:1      | 0 ||| qw: Lair rune preference: random
     0 | D:1      | 0 ||| qw: Plans: Normal
     0 | D:1      | 0 ||| PLANNING D:1-11
     2 | D:1      | Noticed a demonspawn
     2 | D:1      | Noticed a palentonga
     4 | D:1      | Noticed a felid
     6 | D:1      | Noticed a spriggan
     6 | D:1      | Noticed an octopode
     9 | D:1      | Noticed a merfolk
     9 | D:1      | Noticed a formicid
    11 | D:1      | Noticed a troll
    13 | D:1      | Noticed a minotaur
    13 | D:1      | Noticed a demigod
    15 | D:1      | Noticed a vine stalker
    15 | D:1      | Noticed a draconian
    17 | D:1      | Noticed an ogre
    17 | D:1      | Noticed a tengu
    19 | D:1      | Noticed a gargoyle
    19 | D:1      | Noticed a ghoul
    21 | D:1      | Noticed a naga
    21 | D:1      | Noticed a vampire
    23 | D:1      | Noticed a meteoran
    23 | D:1      | Noticed a human
    25 | D:1      | Noticed an elf
    25 | D:1      | Noticed a demigod
    27 | D:1      | Noticed a gargoyle
    27 | D:1      | Noticed an octopode
    81 | D:1      | 81 ||| Stepping ~*~*~tactically~*~*~ (stealth).
   258 | D:1      | 258 ||| Stepping ~*~*~tactically~*~*~ (stealth).
   285 | D:1      | Reached XP level 2. HP: 13/17 MP: 6/6
   358 | D:1      | 358 ||| Stepping ~*~*~tactically~*~*~ (hiding).
   368 | D:1      | Reached skill level 3 in Axes
   554 | D:1      | 554 ||| SWAPPING to +0 war axe.
   555 | D:1      | 555 ||| DROPPING +0 hand axe.
   581 | D:1      | 581 ||| Stepping ~*~*~tactically~*~*~ (stealth).
   724 | D:1      | 724 ||| Stepping ~*~*~tactically~*~*~ (stealth).
   936 | D:1      | Reached XP level 3. HP: 21/21 MP: 7/7
   978 | D:1      | Found a faded altar of an unknown god.
  1275 | D:1      | 1275 ||| UPGRADING to +0 ring mail.
  1285 | D:1      | 1285 ||| DROPPING +0 leather armour.
  1286 | D:1      | 1286 ||| READING scroll labelled FUHUAXZ OSAUSK.
  1287 | D:1      | 1287 ||| READING scroll labelled RAVIGO MUTSULI.
  1292 | D:1      | 1292 ||| DRINKING 2 golden potions.
  1293 | D:1      | 1293 ||| DROPPING scroll of blinking.
  1339 | D:2      | Reached skill level 4 in Axes
  1346 | D:2      | 1346 ||| Stepping ~*~*~tactically~*~*~ (stealth).
  1395 | D:2      | Noticed Natasha
  1395 | D:2      | Noticed Sigmund
  1401 | D:2      | Killed Natasha
  1402 | D:2      | Reached XP level 4. HP: 19/26 MP: 8/8
  1407 | D:2      | HP: 2/26 [something (9)]
  1408 | D:2      | Killed Sigmund
  1409 | D:2      | Reached skill level 6 in Axes
  1409 | D:2      | Gained mutation: Your magical nature lets you fly swiftly
                  | and evasively. [Tengu growth]
  1409 | D:2      | Reached XP level 5. HP: 3/30 MP: 9/9
  1456 | D:2      | Noticed Natasha
  1459 | D:2      | HP: 4/30 [Natasha/magic dart (4)]
  1460 | D:2      | 1460 ||| DRINKING potion of heal wounds.
  1461 | D:2      | Killed Natasha
  1462 | D:2      | Reached XP level 6. HP: 27/35 MP: 10/10
  1560 | D:2      | 1560 ||| Stepping ~*~*~tactically~*~*~ (stealth).
  1579 | D:2      | 1579 ||| Stepping ~*~*~tactically~*~*~ (stealth).
  1789 | D:2      | Noticed Natasha
  1790 | D:2      | 1790 ||| Stepping ~*~*~tactically~*~*~ (stealth).
  1791 | D:2      | 1791 ||| Stepping ~*~*~tactically~*~*~ (stealth).
  1797 | D:2      | 1797 ||| Stepping ~*~*~tactically~*~*~ (stealth).
  1801 | D:2      | Killed Natasha
  1887 | D:2      | Reached skill level 7 in Axes
  2135 | D:2      | 2135 ||| UPGRADING to +0 scale mail.
  2145 | D:2      | 2145 ||| DROPPING +0 ring mail.
  2146 | D:2      | 2146 ||| UPGRADING to +0 kite shield.
  2151 | D:2      | 2151 ||| UPGRADING to +0 pair of gloves.
  2156 | D:2      | 2156 ||| READING scroll labelled MUSISECETE.
  2157 | D:2      | 2157 ||| READING scroll labelled RASARE SUNECS.
  2175 | D:3      | 2175 ||| STAIRDANCE
  2298 | D:3      | 2298 ||| Stepping ~*~*~tactically~*~*~ (stealth).
  2458 | D:3      | 2458 ||| DROPPING +0 club.
  2499 | D:3      | Reached skill level 1 in Shields
  2762 | D:3      | 2762 ||| Stepping ~*~*~tactically~*~*~ (stealth).
  2763 | D:3      | 2763 ||| Stepping ~*~*~tactically~*~*~ (stealth).
  2917 | D:3      | Noticed Terence
  2925 | D:3      | Killed Terence
  3134 | D:3      | 3134 ||| DROPPING +0 whip.
  3297 | D:3      | 3297 ||| DROPPING scarf of harm.
  3298 | D:3      | 3298 ||| UPGRADING to +1 scale mail of fire resistance.
  3308 | D:3      | 3308 ||| DROPPING +0 scale mail.
  3309 | D:3      | 3309 ||| READING scroll labelled XUUSHU LE DIY.
  3391 | D:4      | 3391 ||| Stepping ~*~*~tactically~*~*~ (stealth).
  3574 | D:4      | Identified the amulet of Rimperam {Rampage rF- Regen+ Int+4
                  | SInv}
  3808 | D:4      | 3808 ||| DROPPING +0 flail.
  3945 | D:4      | 3945 ||| UPGRADING to amulet of Rimperam {Rampage rF-
                  | Regen+ Int+4 SInv}.
  3950 | D:4      | 3950 ||| UPGRADING to +6 ring of dexterity.
  3951 | D:4      | 3951 ||| DRINKING 2 puce potions.
  3952 | D:4      | 3952 ||| DRINKING 3 brown potions.
  3994 | D:4      | 3994 ||| DRINKING 2 bubbling brown potions.
  3994 | D:4      | Gained mutation: You are agile. (Dex +4, Str/Int -1)
                  | [potion of mutation]
  3995 | D:4      | 3995 ||| DROPPING potion of attraction.
  3996 | D:4      | 3996 ||| DROPPING 2 potions of lignification.
  4013 | D:5      | Entered Level 5 of the Dungeon
  4014 | D:5      | 4014 ||| PLANNING SEWER
  4041 | D:5      | Reached skill level 3 in Shields
  4041 | D:5      | Reached XP level 7. HP: 20/40 MP: 11/11
  4191 | D:5      | Found a shimmering altar of Xom.
  4226 | D:5      | Found a glowing golden altar of the Shining One.
  4268 | D:5      | 4268 ||| FLEEEEING.
  4269 | D:5      | 4269 ||| FLEEEEING.
  4270 | D:5      | 4270 ||| FLEEEEING.
  4271 | D:5      | 4271 ||| FLEEEEING.
  4272 | D:5      | 4272 ||| FLEEEEING.
  4273 | D:5      | 4273 ||| FLEEEEING.
  4274 | D:5      | 4274 ||| FLEEEEING.
  4275 | D:5      | 4275 ||| FLEEEEING.
  4276 | D:5      | 4276 ||| FLEEEEING.
  4277 | D:5      | 4277 ||| FLEEEEING.
  4278 | D:5      | 4278 ||| FLEEEEING.
  4279 | D:5      | 4279 ||| FLEEEEING.
  4299 | D:5      | Found a glowing drain.
  4300 | D:5      | 4300 ||| READING scroll labelled ULILEOW PORCHEETO.
  4310 | Sewer    | Entered a sewer
  4375 | Sewer    | Noticed Pargi
  4386 | Sewer    | Killed Pargi
  4387 | Sewer    | Reached skill level 3 in Dodging
  4410 | Sewer    | 4410 ||| DRINKING 2 inky potions.
  4411 | Sewer    | 4411 ||| DROPPING potion of magic.
  4425 | D:5      | 4425 ||| PLANNING D:1-11
  4622 | D:5      | Found a glowing silver altar of Zin.
  4755 | D:5      | Reached skill level 3 in Fighting
  5053 | D:5      | 5053 ||| DRINKING 2 silvery potions.
  5275 | D:6      | Reached XP level 8. HP: 28/46 MP: 12/12
  5528 | D:6      | 5528 ||| READING scroll labelled IHULAPR MORYAM.
  5608 | D:7      | 5608 ||| Stepping ~*~*~tactically~*~*~ (stealth).
  5616 | D:7      | Reached skill level 8 in Axes
  5761 | D:7      | Found a staircase to the Ecumenical Temple.
  5762 | D:7      | 5762 ||| PLANNING TEMPLE
  5762 | D:7      | 5762 ||| UPGRADING to ring of poison resistance.
  5763 | D:7      | 5763 ||| READING scroll labelled POCARU UZIUR.
  5766 | D:7      | Found a runed translucent gate.
  5766 | D:7      | Found a runed translucent gate.
  5766 | D:7      | Found a runed translucent gate.
  5772 | Temple   | Entered the Ecumenical Temple
  5776 | Temple   | Became a worshipper of Warmaster Okawaru
  5862 | Temple   | 5862 ||| PLANNING D:1-11
  6204 | D:7      | Noticed qw's ghost (novice TeWr)
  6204 | D:7      | Noticed qw's ghost (novice TeWr)
  6208 | D:7      | 6208 ||| READING 4 scrolls of teleportation.
  6274 | D:8      | 6274 ||| Stepping ~*~*~tactically~*~*~ (stealth).
  6276 | D:8      | 6276 ||| Stepping ~*~*~tactically~*~*~ (stealth).
  6277 | D:8      | 6277 ||| Stepping ~*~*~tactically~*~*~ (stealth).
  6279 | D:8      | 6279 ||| Stepping ~*~*~tactically~*~*~ (stealth).
  6322 | D:8      | 6322 ||| Stepping ~*~*~tactically~*~*~ (hiding).
  6324 | D:8      | 6324 ||| Stepping ~*~*~tactically~*~*~ (hiding).
  6330 | D:8      | 6330 ||| Stepping ~*~*~tactically~*~*~ (stealth).
  6332 | D:8      | 6332 ||| Stepping ~*~*~tactically~*~*~ (stealth).
  6397 | D:8      | 6397 ||| Stepping ~*~*~tactically~*~*~ (stealth).
  6453 | D:8      | Noticed a hornet
  6465 | D:8      | Killed a hornet
  6465 | D:8      | Reached * piety under Okawaru
  6466 | D:8      | Reached skill level 9 in Axes
  6466 | D:8      | Reached XP level 9. HP: 50/50 MP: 13/13
  6521 | D:8      | 6521 ||| INVOKING Heroism.
  6524 | D:8      | Reached skill level 1 in Invocations
  6558 | D:8      | 6558 ||| INVOKING Heroism.
  6563 | D:8      | HP: 8/47 [wight/+4 scimitar (6)]
  6563 | D:8      | HP: 2/47 [wight/+0 war axe (6)]
  6563 | D:8      | Slain by a wight

Levels and vault maps discovered:
D:1:      kb_arrival_jail, layout_basic, shapermc_ecumenical_altar_venn
D:2:      layout_basic, uniq_natasha, uniq_sigmund
D:3:      layout_basic, uniq_terence
D:4:      layout_basic, amcnicky_mini_corridor_feature,
          chequers_hall_statues_corner_a
D:5:      layout_loops_ring, tso_metal_star, mainiacjoe_overflow_cross_hatched,
          mainiacjoe_overflow_boulevard, cheibrodos_sewer_entry_sluice,
          saegor_snake_ambush
D:6:      layout_basic, hex_tiny
D:7:      layout_basic, minmay_temple_entry_trees, serial_corexii_hall,
          chequers_hall_statues_wall_a, chequers_hall_statues_y,
          corexii_hall_statues_l, gammafunk_ghost_cemetery
D:8:      layout_gridville, enter_bailey_4, chequers_serial_rivers_large_a
Temple:   compressed_dpeg_circular_temple

Skill      XL: |  1  2  3  4  5  6  7  8  9 |
---------------+----------------------------+-----
Axes           | 3 4 6 7 9 |  9.3
Shields        | 3 4 5 |  5.4
Dodging        | 3 4 |  4.0
Fighting       | 3 |  3.7
Armour         | 2 |  2.6
Throwing       | 2 |  2.5
Invocations    | 2 |  2.1
Spellcasting   | |  2.0
Translocations | |  2.4

Action                   |  1- 3 |  4- 6 |  7- 9 || total
-------------------------+-------+-------+-------++-------
Melee: Hand axe          |    22 |       |       ||    22
       Kick              |    14 |    23 |    58 ||    95
       War axe           |    40 |    84 |   168 ||   292
       Peck              |     3 |    14 |    38 ||    55
       Punch             |     2 |       |       ||     2
Throw: Boomerang         |     7 |       |       ||     7
       Javelin           |       |    16 |    33 ||    49
Invok: Heroism           |       |       |     2 ||     2
  Use: Scroll            |     2 |     3 |     4 ||     9
       Potion            |     1 |     4 |     2 ||     7
Armor: Leather armour    |    14 |       |       ||    14
       Ring mail         |     1 |     4 |       ||     5
       Scale mail        |       |    16 |    37 ||    53
Dodge: Dodged            |    36 |    27 |    64 ||   127
Block: Kite shield       |       |    15 |   101 ||   116

Table legend:
 A = Non-vault XP
 B = Vault XP
 C = Vault XP percentage of total XP
 D = Non-vault monster count
 E = Vault monster count
 F = Vault count percentage of total count
                 A         B        C        D         E       F
            +---------+---------+-------+---------+---------+-------
      Total |    2421 |     460 |  16.0 |     113 |      14 |  11.0
            +---------+---------+-------+---------+---------+-------
        D:1 |      41 |       0 |   0.0 |      24 |       0 |   0.0
        D:2 |     116 |     249 |  68.2 |      18 |       2 |  10.0
        D:3 |      36 |      36 |  50.0 |      16 |       1 |   5.9
        D:4 |      14 |       0 |   0.0 |       8 |       0 |   0.0
        D:5 |     393 |      26 |   6.2 |      17 |       5 |  22.7
        D:6 |     210 |       0 |   0.0 |       6 |       0 |   0.0
        D:7 |     736 |       0 |   0.0 |      11 |       0 |   0.0
        D:8 |     875 |       0 |   0.0 |      13 |       0 |   0.0
      Sewer |       0 |     149 | 100.0 |       0 |       6 | 100.0
            +---------+---------+-------+---------+---------+-------
